| TOP OF THE 1ST |
|
West Virginia Black Bears batting - Pitching for Tri-City Dust Devils : RHP Takahide Watanabe
|
|
Pitching: RHP Takahide Watanabe
|
|
|
Batting: LHB Joe Hoover
|
0-0: Ball 1-0: Called Strike 1-1: SINGLE (Groundball, 4MD, EV 96.9 MPH)
|
|
Batting: LHB Gregg Kellerman
|
0-0: Called Strike Joe Hoover steals 2nd base 0-1: SINGLE (Groundball, 34D, EV 103.1 MPH) Joe Hoover to third
|
|
Batting: RHB Jose Almonte
|
0-0: Ball 1-0: Called Strike 1-1: Fielders Choice at 2nd, 6-4 (Groundball, 6, EV 88.8 MPH) Joe Hoover scores
|
|
Batting: RHB Mike Velazquez
|
0-0: Foul Ball, location: 2F 0-1: Ball 1-1: Ball 2-1: Swinging Strike 2-2: Strikes out swinging
|
|
Batting: LHB Brandon Sarni
|
0-0: Called Strike 0-1: Swinging Strike 0-2: Ball Jose Almonte steals 2nd base 1-2: Foul Ball, location: 2F 1-2: Strikes out swinging
|
| Top of the 1st over - 1 run, 2 hits, 0 errors, 1 left on base; West Virginia 1 - Tri-City 0 |
| BOTTOM OF THE 1ST |
|
Tri-City Dust Devils batting - Pitching for West Virginia Black Bears : LHP Mario Flores
|
|
Pitching: LHP Mario Flores
|
|
|
Batting: RHB Ruben Luis
|
0-0: Ball 1-0: DOUBLE (Line Drive, 9LM, EV 96.9 MPH) - OUT at third base trying to stretch hit.
|
|
Batting: SHB Ryan Brown
|
0-0: Swinging Strike 0-1: Ball 1-1: Ball 2-1: Foul Ball, location: 2F 2-2: Ball 3-2: Foul Ball, location: 2F 3-2: Strikes out swinging
|
|
Batting: LHB Frank McConnell
|
0-0: Foul Ball, location: 2F 0-1: Foul Ball, location: 2F 0-2: Foul Ball, location: 2F 0-2: Strikes out swinging
|
| Bottom of the 1st over - 0 runs, 1 hit, 0 errors, 0 left on base; West Virginia 1 - Tri-City 0 |
| TOP OF THE 2ND |
|
West Virginia Black Bears batting - Pitching for Tri-City Dust Devils : RHP Takahide Watanabe
|
|
Batting: RHB Chris Pozzi
|
0-0: Called Strike 0-1: Swinging Strike 0-2: Ball 1-2: Fly out, F6 (Line Drive, 6, EV 66.9 MPH)
|
|
Batting: RHB Freddy Quintero
|
0-0: Ground out 6-3 (Groundball, 6, EV 103.1 MPH)
|
|
Batting: RHB Richard Barrios
|
0-0: Ground out 6-3 (Groundball, 6, EV 96.9 MPH)
|
| Top of the 2nd over - 0 runs, 0 hits, 0 errors, 0 left on base; West Virginia 1 - Tri-City 0 |
| BOTTOM OF THE 2ND |
|
Tri-City Dust Devils batting - Pitching for West Virginia Black Bears : LHP Mario Flores
|
|
Batting: RHB Jaden Scott
|
0-0: Called Strike 0-1: Ball 1-1: Foul Ball, location: 2F 1-2: Foul Ball, location: 2F 1-2: Strikes out swinging
|
|
Batting: RHB Hector Fernandez
|
0-0: Called Strike 0-1: Foul Ball, location: 2F 0-2: Ball 1-2: DOUBLE (Flyball, 89D, EV 86.9 MPH)
|
|
Batting: RHB Joe Weissman
|
0-0: Called Strike 0-1: Foul Ball, location: 2F 0-2: Fly out, F9 (Flyball, 9D, EV 97.5 MPH) Runner from 2nd tags up, SAFE at 3rd, no throw by RF
|
|
Batting: LHB Paul Adams
|
0-0: Ball 1-0: Ball 2-0: Called Strike 2-1: Foul Ball, location: 2F 2-2: Foul Ball, location: 2F 2-2: Ground out 5-3 (Groundball, 6, EV 83.8 MPH)
|
| Bottom of the 2nd over - 0 runs, 1 hit, 0 errors, 1 left on base; West Virginia 1 - Tri-City 0 |
| TOP OF THE 3RD |
|
West Virginia Black Bears batting - Pitching for Tri-City Dust Devils : RHP Takahide Watanabe
|
|
Batting: RHB Steve Dennis
|
0-0: Ground out U3 (Groundball, 3L, EV 101.9 MPH)
|
|
Batting: LHB Joe Hoover
|
0-0: Called Strike 0-1: Ball 1-1: Ball 2-1: Called Strike 2-2: Fly out, F7 (Flyball, 78D, EV 79.4 MPH)
|
|
Batting: LHB Gregg Kellerman
|
0-0: Ball 1-0: Fly out, F6 (Flyball, 56D, EV 88.8 MPH)
|
| Top of the 3rd over - 0 runs, 0 hits, 0 errors, 0 left on base; West Virginia 1 - Tri-City 0 |
| BOTTOM OF THE 3RD |
|
Tri-City Dust Devils batting - Pitching for West Virginia Black Bears : LHP Mario Flores
|
|
Batting: RHB Bryan Pitcher
|
0-0: Called Strike 0-1: Called Strike 0-2: Fly out, F5 (Popup, 5SF, EV 87.5 MPH)
|
|
Batting: RHB Jeremy Mercer
|
0-0: Called Strike 0-1: Ball 1-1: Ball 2-1: Foul Ball, location: 2F 2-2: Ball 3-2: Base on Balls
|
|
Batting: RHB Ruben Luis
|
0-0: Called Strike Jeremy Mercer steals 2nd base 0-1: SINGLE (Groundball, 34D, EV 95.6 MPH) Jeremy Mercer to third
|
|
Batting: SHB Ryan Brown
|
0-0: Called Strike 0-1: Ball 1-1: Foul Ball, location: 2F 1-2: Ball 2-2: Foul Ball, location: 2F 2-2: Ball Wild Pitch! Jeremy Mercer scores Ruben Luis to second 3-2: Base on Balls
|
|
Batting: LHB Frank McConnell
|
0-0: Ball 1-0: Called Strike 1-1: Foul Ball, location: 2F 1-2: Ball Wild Pitch! Ruben Luis to third Ryan Brown to second 2-2: Ball 3-2: Fly out, F7 (Flyball, 7D, EV 90.6 MPH) Runner from 3rd tags up, SCORES, throw by LF
|
|
Batting: RHB Jaden Scott
|
0-0: Ball 1-0: Foul Ball, location: 2F 1-1: Swinging Strike 1-2: Ball 2-2: Ball 3-2: Strikes out looking
|
| Bottom of the 3rd over - 2 runs, 1 hit, 0 errors, 1 left on base; West Virginia 1 - Tri-City 2 |
| TOP OF THE 4TH |
|
West Virginia Black Bears batting - Pitching for Tri-City Dust Devils : RHP Takahide Watanabe
|
|
Batting: RHB Jose Almonte
|
0-0: Ball 1-0: Ground out 6-3 (Groundball, 6, EV 90.0 MPH)
|
|
Batting: RHB Mike Velazquez
|
0-0: Ball 1-0: Foul Ball, location: 2F 1-1: Reached on error, E5 (Groundball, 56, EV 80.0 MPH)
|
|
Batting: LHB Brandon Sarni
|
0-0: Foul Ball, location: 2F 0-1: Foul Ball, location: 2F 0-2: Ball 1-2: Fly out, F7 (Flyball, 78D, EV 93.1 MPH)
|
|
Batting: RHB Chris Pozzi
|
0-0: Fly out, F7 (Line Drive, 7D, EV 88.1 MPH)
|
| Top of the 4th over - 0 runs, 0 hits, 1 error, 1 left on base; West Virginia 1 - Tri-City 2 |
| BOTTOM OF THE 4TH |
|
Tri-City Dust Devils batting - Pitching for West Virginia Black Bears : LHP Mario Flores
|
|
Batting: RHB Hector Fernandez
|
0-0: Called Strike 0-1: Ball 1-1: Ground out 5-3 (Groundball, 56S, EV 85.6 MPH)
|
|
Batting: RHB Joe Weissman
|
0-0: Ball 1-0: Called Strike 1-1: Swinging Strike 1-2: Strikes out swinging
|
|
Batting: LHB Paul Adams
|
0-0: Called Strike 0-1: Foul Ball, location: 2F 0-2: Strikes out swinging
|
| Bottom of the 4th over - 0 runs, 0 hits, 0 errors, 0 left on base; West Virginia 1 - Tri-City 2 |
| TOP OF THE 5TH |
|
West Virginia Black Bears batting - Pitching for Tri-City Dust Devils : RHP Takahide Watanabe
|
|
Batting: RHB Freddy Quintero
|
0-0: Ball 1-0: Foul Ball, location: 2F 1-1: Ball 2-1: TRIPLE (Line Drive, 89XD, EV 111.2 MPH)
|
|
Batting: RHB Richard Barrios
|
0-0: Swinging Strike 0-1: Foul Ball, location: 2F 0-2: Ball 1-2: Ball 2-2: Ball 3-2: Strikes out swinging
|
|
Batting: RHB Steve Dennis
|
0-0: Foul Ball, location: 2F 0-1: Called Strike 0-2: Ball 1-2: Reached on error, E9 (Line Drive, 9, EV 95.6 MPH) Freddy Quintero scores
|
|
Batting: LHB Joe Hoover
|
0-0: Called Strike Steve Dennis steals 2nd base 0-1: Ball 1-1: Called Strike 1-2: Strikes out swinging
|
|
Batting: LHB Gregg Kellerman
|
0-0: Called Strike 0-1: Ball 1-1: Ground out U3 (Groundball, 3, EV 86.9 MPH)
|
| Top of the 5th over - 1 run, 1 hit, 1 error, 1 left on base; West Virginia 2 - Tri-City 2 |
| BOTTOM OF THE 5TH |
|
Tri-City Dust Devils batting - Pitching for West Virginia Black Bears : LHP Mario Flores
|
|
Batting: RHB Bryan Pitcher
|
0-0: Ball 1-0: Ball 2-0: Ball 3-0: Base on Balls
|
|
Batting: RHB Jeremy Mercer
|
0-0: Called Strike 0-1: Ball 1-1: Ball 2-1: Ball 3-1: Base on Balls Bryan Pitcher to second
|
|
Batting: RHB Ruben Luis
|
0-0: Foul Ball, location: 2F 0-1: SINGLE (Groundball, 56D, EV 100.6 MPH) Bryan Pitcher to third Jeremy Mercer to second
|
|
Batting: SHB Ryan Brown
|
0-0: Called Strike 0-1: Ball 1-1: Foul Ball, location: 2F 1-2: Ball 2-2: Strikes out swinging
|
|
Batting: LHB Frank McConnell
|
0-0: Foul Ball, location: 2F 0-1: Foul Ball, location: 2F 0-2: Foul Ball, location: 2F 0-2: Foul Ball, location: 2F 0-2: Grounds into fielders choice 5-2 (Groundball, 56S, EV 73.1 MPH) Jeremy Mercer to third Ruben Luis to second
|
|
Batting: RHB Jaden Scott
|
0-0: Swinging Strike 0-1: Ball 1-1: Swinging Strike 1-2: Ball 2-2: Strikes out swinging
|
| Bottom of the 5th over - 0 runs, 1 hit, 0 errors, 3 left on base; West Virginia 2 - Tri-City 2 |
| TOP OF THE 6TH |
|
West Virginia Black Bears batting - Pitching for Tri-City Dust Devils : RHP Takahide Watanabe
|
|
Batting: RHB Jose Almonte
|
0-0: Ball 1-0: Ball 2-0: Ground out 1-3 (Groundball, 13S, EV 75.6 MPH)
|
|
Batting: RHB Mike Velazquez
|
0-0: Ball 1-0: Foul Ball, location: 2F 1-1: Called Strike 1-2: Ball 2-2: Strikes out swinging
|
|
Batting: LHB Brandon Sarni
|
0-0: Ground out 4-3 (Groundball, 34D, EV 107.5 MPH)
|
| Top of the 6th over - 0 runs, 0 hits, 0 errors, 0 left on base; West Virginia 2 - Tri-City 2 |
| BOTTOM OF THE 6TH |
|
Tri-City Dust Devils batting - Pitching for West Virginia Black Bears : LHP Mario Flores
|
|
Pitching: RHP Sakio Miyamoto
|
|
|
Batting: RHB Hector Fernandez
|
0-0: Ball 1-0: Ball 2-0: Ball 3-0: Called Strike 3-1: Swinging Strike 3-2: Foul Ball, location: 2F 3-2: SINGLE (Flyball, 8LS, EV 99.4 MPH)
|
|
Batting: RHB Joe Weissman
|
0-0: Ball 1-0: Ball 2-0: Ball 3-0: Called Strike 3-1: Base on Balls Hector Fernandez to second
|
|
Batting: LHB Paul Adams
|
0-0: Ball 1-0: Ball Wild Pitch! Hector Fernandez to third Joe Weissman to second 2-0: Foul Ball, location: 2F 2-1: Foul Ball, location: 2F 2-2: Strikes out looking
|
|
Batting: RHB Bryan Pitcher
|
0-0: Foul Ball, location: 2F 0-1: Called Strike 0-2: Ball 1-2: Ball 2-2: Strikes out swinging
|
|
Batting: RHB Jeremy Mercer
|
0-0: Called Strike 0-1: Ball 1-1: Ball Wild Pitch! Hector Fernandez scores Joe Weissman to third 2-1: Foul Ball, location: 2F 2-2: Strikes out looking
|
| Bottom of the 6th over - 1 run, 1 hit, 0 errors, 1 left on base; West Virginia 2 - Tri-City 3 |
| TOP OF THE 7TH |
|
West Virginia Black Bears batting - Pitching for Tri-City Dust Devils : RHP Takahide Watanabe
|
|
Batting: RHB Chris Pozzi
|
0-0: Ball 1-0: Ball 2-0: Ball 3-0: Called Strike 3-1: Fly out, F3 (Popup, 3S, EV 77.5 MPH)
|
|
Batting: RHB Freddy Quintero
|
0-0: Foul Ball, location: 2F 0-1: Ball 1-1: Ball 2-1: Called Strike 2-2: Ground out 3-1 (Groundball, 34, EV 85.6 MPH)
|
|
Pinch Hitting: LHB Pat Baker
|
0-0: Ball 1-0: Ball 2-0: Called Strike 2-1: Ball 3-1: Foul Ball, location: 2F 3-2: Ground out 4-3 (Groundball, 4, EV 86.9 MPH)
|
| Top of the 7th over - 0 runs, 0 hits, 0 errors, 0 left on base; West Virginia 2 - Tri-City 3 |
| BOTTOM OF THE 7TH |
|
Tri-City Dust Devils batting - Pitching for West Virginia Black Bears : RHP Sakio Miyamoto
|
|
Pitching: RHP Victor Medina
|
|
|
Now at SS: Steve Dennis
|
|
|
Now in RF: Pat Baker
|
|
|
Batting: RHB Ruben Luis
|
0-0: Ball 1-0: Called Strike 1-1: Called Strike 1-2: Ball 2-2: SINGLE (Groundball, 25, EV 65.6 MPH) (infield hit)
|
|
Batting: SHB Ryan Brown
|
0-0: Ball Ruben Luis is caught stealing 2nd base 2-6 1-0: Called Strike 1-1: Ball 2-1: Swinging Strike 2-2: Ball 3-2: Strikes out swinging
|
|
Batting: LHB Frank McConnell
|
0-0: Ball 1-0: Ball 2-0: Ball 3-0: Base on Balls
|
|
Batting: RHB Jaden Scott
|
0-0: Ball Frank McConnell steals 2nd base Balk! Frank McConnell to third 1-0: Called Strike 1-1: Foul Ball, location: 2F 1-2: SINGLE (Flyball, 5D, EV 88.1 MPH) Frank McConnell scores
|
|
Batting: RHB Hector Fernandez
|
0-0: Ball 1-0: SINGLE (Groundball, 56D, EV 100.6 MPH) Jaden Scott to second Jaden Scott to third
|
|
Batting: RHB Joe Weissman
|
0-0: Ball 1-0: Ball 2-0: Foul Ball, location: 2F 2-1: Foul Ball, location: 2F 2-2: SINGLE (Line Drive, 4MD, EV 106.2 MPH) Jaden Scott scores Hector Fernandez to second
|
|
Batting: LHB Paul Adams
|
0-0: Ball 1-0: Called Strike 1-1: Called Strike 1-2: Ball 2-2: Foul Ball, location: 2F 2-2: Fielders Choice at 2nd, U6 (Groundball, 4MD, EV 77.5 MPH)
|
| Bottom of the 7th over - 2 runs, 4 hits, 0 errors, 2 left on base; West Virginia 2 - Tri-City 5 |
| TOP OF THE 8TH |
|
West Virginia Black Bears batting - Pitching for Tri-City Dust Devils : RHP Takahide Watanabe
|
|
Pinch Hitting: LHB Donald Imre
|
0-0: Called Strike 0-1: Called Strike 0-2: Strikes out swinging
|
|
Batting: LHB Joe Hoover
|
0-0: Ball 1-0: Ground out 4-3 (Groundball, 4M, EV 106.2 MPH)
|
|
Batting: LHB Gregg Kellerman
|
0-0: Ball 1-0: Ball 2-0: Called Strike 2-1: Ball 3-1: Base on Balls
|
|
Batting: RHB Jose Almonte
|
0-0: Swinging Strike 0-1: Hit by Pitch Gregg Kellerman to second
|
|
Batting: RHB Mike Velazquez
|
0-0: Ball 1-0: Foul Ball, location: 2F 1-1: Ball 2-1: Fielders Choice at 2nd, 5-4 (Groundball, 56, EV 79.4 MPH)
|
| Top of the 8th over - 0 runs, 0 hits, 0 errors, 2 left on base; West Virginia 2 - Tri-City 5 |
| BOTTOM OF THE 8TH |
|
Tri-City Dust Devils batting - Pitching for West Virginia Black Bears : RHP Victor Medina
|
|
Pitching: RHP George Clarke
|
|
|
Now at 2B: Donald Imre
|
|
|
Now at SS: Brandon Sarni
|
|
|
Batting: RHB Bryan Pitcher
|
0-0: Called Strike 0-1: SINGLE (Line Drive, 9S, EV 91.2 MPH)
|
|
Batting: RHB Jeremy Mercer
|
0-0: Bunted foul 0-1: Bunted foul 0-2: Ball 1-2: Foul Ball, location: 2F 1-2: Ball 2-2: Ball 3-2: Base on Balls Bryan Pitcher to second
|
|
Batting: RHB Ruben Luis
|
0-0: Ball 1-0: Bunted foul 1-1: Bunted foul 1-2: DOUBLE (Groundball, 5L, EV 95.6 MPH) Bryan Pitcher scores Jeremy Mercer to third
|
|
Batting: SHB Ryan Brown
|
0-0: Foul Ball, location: 2F 0-1: Ball 1-1: Ball 2-1: Fly out, F7 (Flyball, 7, EV 81.2 MPH) Runner from 3rd tags up, SCORES, throw by LF
|
|
Batting: LHB Frank McConnell
|
0-0: Ball 1-0: Ball 2-0: Ball Wild Pitch! Ruben Luis to third 3-0: Called Strike 3-1: Base on Balls
|
|
Batting: RHB Jaden Scott
|
0-0: Called Strike 0-1: Ball Frank McConnell steals 2nd base (no throw) 1-1: Foul Ball, location: 2F 1-2: Strikes out looking
|
|
Batting: RHB Hector Fernandez
|
0-0: Called Strike 0-1: Ball 1-1: Swinging Strike 1-2: Foul Ball, location: 2F 1-2: Strikes out looking
|
| Bottom of the 8th over - 2 runs, 2 hits, 0 errors, 2 left on base; West Virginia 2 - Tri-City 7 |
| TOP OF THE 9TH |
|
West Virginia Black Bears batting - Pitching for Tri-City Dust Devils : RHP Takahide Watanabe
|
|
Batting: LHB Brandon Sarni
|
0-0: Ball 1-0: Called Strike 1-1: Ball 2-1: Foul Ball, location: 2F 2-2: Ball 3-2: Ground out U3 (Groundball, 3, EV 106.2 MPH)
|
|
Batting: RHB Chris Pozzi
|
0-0: Ball 1-0: Ball 2-0: Ball 3-0: Called Strike 3-1: Foul Ball, location: 2F 3-2: Foul Ball, location: 2F 3-2: Ground out 5-3 (Groundball, 56S, EV 90.6 MPH)
|
|
Pitching: LHP Ruben Nunez
|
|
|
Batting: RHB Freddy Quintero
|
0-0: Ball 1-0: SINGLE (Flyball, 89M, EV 84.4 MPH)
|
|
Batting: LHB Pat Baker
|
0-0: Called Strike 0-1: Swinging Strike 0-2: Strikes out swinging
|
| Top of the 9th over - 0 runs, 1 hit, 0 errors, 1 left on base; West Virginia 2 - Tri-City 7 |
|